[Event "FRA-ch Youth U18W 2019"]
[Site "Hyeres"]
[Date "2019.04.14"]
[Round "1.1"]
[White "Rollot, Florence"]
[Black "Soreda, Elisa"]
[Result "1-0"]
[ECO "A12"]
[WhiteElo "1975"]
[BlackElo "1602"]
[Annotator "NA"]
[PlyCount "155"]
[EventDate "2019.04.14"]
[EventType "swiss"]
[EventCountry "FRA"]
[SourceTitle "playchess.com"]
[Source "ChessBase"]
[SourceQuality "1"]
[TimeControl "5400+30"]

1. c4 c6 2. Nf3 Nf6 3. b3 d5 4. Bb2 Bf5 5. d3 Nbd7 6. Nbd2 e6 7. g3 Bc5 8. Bg2 O-O 9. O-O Re8 10. Re1 Bg6 11. d4 Be7 12. Ne5 Nxe5 13. dxe5 Nd7 14. Rc1 f6 15. exf6 Bxf6 16. Bxf6 Nxf6 17. e4 dxe4 18. Nxe4 Nxe4 19. Bxe4 Bxe4 20. Rxe4 Qxd1+ 21. Rxd1 Re7 22. Rd6 e5 23. f4 Rae8 24. fxe5 Kf7 25. Rf4+ Kg8 26. Re4 Kf7 27. Rf4+ Kg8 28. Rf5 g6 29. Rg5 Kf7 30. Kf2 Rxe5 31. Rd7+ R5e7 32. Rxe7+ Rxe7 33. Rg4 Re5 34. Rh4 Kg7 35. Rd4 Re7 36. c5 Kf6 37. b4 b6 38. Kf3 Rc7 39. a4 Ke6 40. Rd6+ Ke7 41. Ke4 b5 42. axb5 cxb5 43. Ra6 Kd7 44. Kd5 Kc8 45. c6 Rf7 46. g4 h5 47. gxh5 gxh5 48. Kc5 Rf5+ 49. Kd6 Kb8 50. Ra2 Rf6+ 51. Kd5 Rf5+ 52. Ke6 Rf4 53. Kd5 Rxb4 54. Rg2 Rg4 55. Rf2 Rg5+ 56. Kd6 Rg6+ 57. Kc5 Rg5+ 58. Kd6 Rg6+ 59. Kd7 Rg7+ 60. Kd8 Rc7 61. Rf5 Rxc6 62. Rxb5+ Rb6 63. Rxh5 Rb1 64. h4 Rd1+ 65. Ke7 Re1+ 66. Kd6 Rd1+ 67. Rd5 Rh1 68. h5 Kc8 69. Ke6 Rh2 70. Kf6 Kc7 71. Kg6 Kc6 72. Rg5 Kb6 73. h6 a5 74. h7 a4 75. Rh5 Rc2 76. h8=Q Rc6+ 77. Kf5 Rc5+ 78. Ke4 1-0

[Event "FRA-ch Youth U18W 2019"]
[Site "Hyeres"]
[Date "2019.04.14"]
[Round "1.2"]
[White "Coussy, Tyffanie"]
[Black "Lomandong, Noela-Joyce"]
[Result "0-1"]
[ECO "E13"]
[WhiteElo "1582"]
[BlackElo "1942"]
[Annotator "NA"]
[PlyCount "92"]
[EventDate "2019.04.14"]
[EventType "swiss"]
[EventCountry "FRA"]
[SourceTitle "playchess.com"]
[Source "ChessBase"]
[SourceQuality "1"]
[TimeControl "5400+30"]

1. d4 e6 2. c4 Nf6 3. Nc3 b6 4. Bg5 h6 5. Bh4 Bb7 6. e3 Bb4 7. Nf3 g5 8. Bg3 Ne4 9. Qc2 h5 10. h3 Nxg3 11. fxg3 Qf6 12. Be2 g4 13. hxg4 hxg4 14. Rxh8+ Qxh8 15. Nh4 Bd6 16. Ne4 Bxg3+ 17. Nxg3 Qxh4 18. Kf2 Qh2 19. Rg1 Na6 20. Bxg4 O-O-O 21. Bh3 Rg8 22. Nf1 Qd6 23. Qh7 Qf8 24. a3 f5 25. Nd2 c5 26. Nf3 Be4 27. Ne5 Rg7 28. Qh4 Kb7 29. Ke2 Qg8 30. g4 cxd4 31. exd4 d6 32. Nd3 e5 33. b3 Rh7 34. Qg3 f4 35. Nxf4 exf4 36. Qxf4 Qe8 37. Kd2 Rxh3 38. Re1 Rd3+ 39. Kc1 Rxd4 40. Qe3 Qe5 41. Qf2 Nc5 42. Qf7+ Ka6 43. Re3 Nd3+ 44. Kd2 Nb2+ 45. Ke1 Rd1+ 46. Kf2 Qh2# 0-1

[Event "FRA-ch Youth U18W 2019"]
[Site "Hyeres"]
[Date "2019.04.14"]
[Round "1.3"]
[White "Bellahcene, Meriem"]
[Black "Simon, Fleur"]
[Result "1-0"]
[ECO "B91"]
[WhiteElo "1883"]
[BlackElo "1572"]
[Annotator "NA"]
[PlyCount "43"]
[EventDate "2019.04.14"]
[EventType "swiss"]
[EventCountry "FRA"]
[SourceTitle "playchess.com"]
[Source "ChessBase"]
[SourceQuality "1"]
[TimeControl "5400+30"]

1. e4 c5 2. Nf3 Nc6 3. Nc3 d6 4. d4 cxd4 5. Nxd4 Nf6 6. g3 e5 7. Nde2 Be7 8. Bg2 O-O 9. O-O a6 10. a4 Bg4 11. h3 Bh5 12. Be3 Qd7 13. Qd2 Rac8 14. g4 Bg6 15. Ng3 Bd8 16. Rfd1 Bc7 17. Nf5 Rfd8 18. Bg5 Qe6 19. Nd5 Rd7 20. Nxg7 Kxg7 21. Bxf6+ Kg8 22. Qh6 1-0

[Event "FRA-ch Youth U18W 2019"]
[Site "Hyeres"]
[Date "2019.04.14"]
[Round "1.4"]
[White "Perrin, Sophie"]
[Black "Belluire, Beatrice"]
[Result "0-1"]
[ECO "B01"]
[WhiteElo "1538"]
[BlackElo "1870"]
[Annotator "NA"]
[PlyCount "128"]
[EventDate "2019.04.14"]
[EventType "swiss"]
[EventCountry "FRA"]
[SourceTitle "playchess.com"]
[Source "ChessBase"]
[SourceQuality "1"]
[TimeControl "5400+30"]

1. e4 d5 2. exd5 Nf6 3. d4 Nxd5 4. Nf3 Bg4 5. Be2 e6 6. O-O Nc6 7. b3 Be7 8. c4 Nb6 9. Ne5 Bxe2 10. Nxc6 Bxd1 11. Nxd8 Rxd8 12. Rxd1 Bf6 13. Bb2 c5 14. Na3 cxd4 15. Nc2 e5 16. f4 d3 17. fxe5 dxc2 18. Rxd8+ Bxd8 19. Rc1 O-O 20. Rxc2 Bg5 21. Kf2 Re8 22. Kf3 h5 23. Re2 Nd7 24. Ke4 Nc5+ 25. Kf3 Ne6 26. g3 Rd8 27. h4 Bh6 28. Ke4 Kf8 29. Ba3+ Ke8 30. Bd6 Rc8 31. Kd5 Kd7 32. Rf2 Ke8 33. Rf3 g6 34. Bb4 Rd8+ 35. Bd6 Bf8 36. c5 Rc8 37. b4 a6 38. a4 a5 39. bxa5 Bxd6 40. cxd6 Rc5+ 41. Ke4 Rc4+ 42. Kd3 Rxa4 43. d7+ Kxd7 44. Rxf7+ Kc6 45. Rf6 Kd5 46. Rxg6 Rg4 47. Rh6 Rxg3+ 48. Kd2 Nf4 49. e6 Rd3+ 50. Kc2 Re3 51. Rh7 Rxe6 52. Rxb7 Ke4 53. Rb6 Re5 54. a6 Ra5 55. Kb3 Nd3 56. Kc4 Rc5+ 57. Kb3 Kd5 58. Rg6 Kd4 59. Rg5 Rc3+ 60. Ka4 Kc4 61. Rxh5 Nc5+ 62. Rxc5+ Kxc5 63. a7 Rc1 64. Kb3 Ra1 0-1

[Event "FRA-ch Youth U18W 2019"]
[Site "Hyeres"]
[Date "2019.04.15"]
[Round "2.1"]
[White "Andre, Victoria"]
[Black "Rollot, Florence"]
[Result "0-1"]
[ECO "B01"]
[WhiteElo "1691"]
[BlackElo "1975"]
[Annotator "NA RC"]
[PlyCount "98"]
[EventDate "2019.04.14"]
[EventType "swiss"]
[EventCountry "FRA"]
[SourceTitle "playchess.com"]
[Source "ChessBase"]
[SourceQuality "1"]
[TimeControl "5400+30"]

1. e4 d5 2. exd5 Qxd5 3. Nc3 Qa5 4. b4 Qxb4 5. Rb1 Qd6 6. Nf3 Nf6 {[%emt 0:01:27] B01: Scandinavian Defence} 7. d4 (7. Bc4 a6 8. d4 e6 9. O-O Be7 10. Re1 O-O 11. Ne4 Nxe4 12. Rxe4 b5 13. Bd3 Bb7 14. Re3 {0-1 (45) Berg,O (2235)-Klerides,P (2183) Klaksvik 2018}) 7... e6 8. Bd3 Be7 9. Ne4 $146 ({Predecessor:} 9. O-O O-O 10. Re1 c6 11. Rb3 Qc7 12. Qe2 b6 13. Ne5 Bb7 14. Ne4 c5 15. Nxf6+ Bxf6 16. Bxh7+ Kh8 17. Qh5 Rd8 18. Nxf7+ {1-0 (18) Lopez Pereyra,A (2102)-Diaz Reyes,K (1732) Santa Cruz de Tenerife 2018}) 9... Nxe4 10. Bxe4 c6 11. O-O Nd7 12. Rb3 Qc7 13. Bb2 Nf6 14. Bd3 O-O 15. Ne5 Rd8 16. f4 (16. Qe2 $11) 16... b6 (16... c5 $17 17. c3 g6) 17. Qe2 (17. g4 $1 $14) 17... Bd6 (17... b5 $15) 18. c3 c5 19. Ba1 Bb7 20. Rbb1 Rac8 21. Bb2 Bd5 22. Bc1 c4 (22... g6 $19 23. g3 Qe7) 23. Bc2 Qb7 24. f5 Ne4 25. Bxe4 $4 (25. f6 $11 {and White has nothing to worry.}) 25... Bxe4 26. Rb2 Bxe5 27. Re1 {[%emt 0:01:04] [#]} Bxd4+ $1 28. cxd4 Bxf5 29. Be3 c3 30. Rb4 c2 31. Rc1 Qe4 32. Qd2 Qd5 33. a3 Qc6 34. Rb3 e5 35. Rb4 a5 36. Rb2 exd4 37. Bf2 Be4 38. Bg3 d3 39. Bf4 Bg6 40. Be3 Qc3 41. Qxc3 Rxc3 42. Rxb6 Rxa3 43. Bd2 Re8 44. Kf1 h6 45. Rd6 a4 46. Rd4 Rb8 47. Rb4 Rxb4 48. Bxb4 Rb3 49. Bd2 Rb1 0-1

[Event "FRA-ch Youth U18W 2019"]
[Site "Hyeres"]
[Date "2019.04.15"]
[Round "2.2"]
[White "Lomandong, Noela-Joyce"]
[Black "Hebert, Floriane"]
[Result "1-0"]
[ECO "A01"]
[WhiteElo "1942"]
[BlackElo "1694"]
[Annotator "NA RC"]
[PlyCount "123"]
[EventDate "2019.04.14"]
[EventType "swiss"]
[EventCountry "FRA"]
[SourceTitle "playchess.com"]
[Source "ChessBase"]
[SourceQuality "1"]
[TimeControl "5400+30"]

1. b3 d5 2. Bb2 Nc6 3. e3 Nf6 4. d4 (4. Nf3 Bg4 5. Bb5 Qd6 6. h3 Bxf3 7. Qxf3 O-O-O 8. O-O e6 9. d4 a6 10. Bxc6 Qxc6 11. Rc1 Ne4 12. c4 {½-½ (12) Malaniuk,V (2590)-Tukmakov,V (2605) Donetsk 1998}) 4... Bf5 5. a3 a6 6. Nd2 {[%emt 0:02:42] A01: Nimzowitsch-Larsen Opening} e6 7. Ngf3 $146 ({Predecessor:} 7. Rc1 Be7 8. c4 b6 9. Ne2 Bd3 10. Nf4 Bxf1 11. Nxf1 {0-1 (26) Zwaneveld,A (1077)-Arango Marin,S (776) LSS email 2013}) 7... h6 8. Be2 Bd6 9. b4 b5 10. Ne5 Bxe5 11. dxe5 Nd7 12. f4 Nb6 13. Nb3 Na4 (13... Nc4 $15 14. Bxc4 bxc4) 14. Rb1 Nxb2 15. Rxb2 Qe7 16. Bd3 Bxd3 (16... Qh4+ $14 17. g3 Qh3) 17. cxd3 O-O 18. Qc1 Nb8 19. Rc2 Rc8 20. Na5 Ra7 21. O-O Qe8 22. Rf3 c6 23. Rg3 ({White should try} 23. Rc5 $16) 23... Kh8 24. Rh3 Rac7 25. g4 Qf8 26. d4 f6 27. Nb3 Nd7 28. Rg2 Kh7 29. Qc2+ f5 30. gxf5 Qxf5 31. Qxf5+ exf5 32. Rhg3 Nf8 33. Nc5 ({Better is} 33. h4 $18) 33... Ra8 34. a4 Raa7 35. a5 Re7 36. h3 Re8 37. Kh2 Ree7 38. Rg1 Kh8 39. R3g2 Kh7 40. Rc1 Rec7 41. Kg3 Ra8 42. Kf3 Kg8 43. Rcg1 Kh7 44. Nd3 Re8 45. Rc1 Ra8 46. Rgc2 Rac8 47. Nc5 Ra8 48. Rc3 Kg8 49. R1c2 Kf7 50. Rg2 Kg8 51. Rc1 Kh7 52. h4 Kg8 (52... h5 $142 53. Rg3 g6) 53. h5 Kh7 54. Nd3 Rac8 55. Ne1 Re8 56. Rgc2 Rec8 57. Ng2 g6 $2 (57... g5 58. hxg6+ Nxg6) 58. Nh4 gxh5 59. Nxf5 Kg6 60. Nd6 Ra8 61. f5+ Kg7 62. Rxc6 $18 1-0

[Event "FRA-ch Youth U18W 2019"]
[Site "Hyeres"]
[Date "2019.04.15"]
[Round "2.3"]
[White "Bourdeaux, Angele"]
[Black "Bellahcene, Meriem"]
[Result "1/2-1/2"]
[ECO "B28"]
[WhiteElo "1643"]
[BlackElo "1883"]
[Annotator "NA RC"]
[PlyCount "119"]
[EventDate "2019.04.14"]
[EventType "swiss"]
[EventCountry "FRA"]
[SourceTitle "playchess.com"]
[Source "ChessBase"]
[SourceQuality "1"]
[TimeControl "5400+30"]

1. e4 c5 2. Nf3 a6 3. g3 d6 4. d3 (4. Bg2 Nf6 5. Qe2 Nc6 6. O-O Bg4 7. c3 g6 8. h3 Bxf3 9. Bxf3 Bg7 10. Bg2 O-O 11. d3 Rb8 {1-0 (58) Zufic,M (2459)-Bogut,Z (2434) Bol 2015}) 4... Nf6 5. Bg2 g6 6. O-O {[%emt 0:00:35] B28: Sicilian: 2 Nf3 a6 (O'Kelly Variation)} Bg7 7. c3 O-O 8. Nbd2 Nc6 9. Re1 Qc7 10. a4 Bg4 11. Nc4 $146 ({Predecessor:} 11. h3 Be6 12. Nf1 Nh5 13. g4 Nf6 14. Bf4 Qd7 15. d4 cxd4 16. cxd4 {0-1 (51) Fricke,E (998)-Suhr,S (1067) Magdeburg 2015}) 11... b5 12. Ne3 Bd7 13. Nd5 Qb7 14. axb5 axb5 15. Bg5 Be6 16. Nf4 Bg4 17. h3 (17. Rxa8 $11 {keeps the balance.} Rxa8 18. h3 Bxf3 19. Bxf3) 17... Bxf3 (17... Rxa1 $17 18. Qxa1 Bxf3 19. Bxf3 Nd7) 18. Qxf3 Rxa1 19. Rxa1 Nd7 20. Nd5 Nde5 21. Qe2 f6 (21... h6 $11 {keeps the balance.} 22. Bd2 e6) 22. Bd2 Ra8 23. Rb1 Ra6 24. f4 Nf7 25. Qf1 (25. f5 $16) 25... e6 26. Ne3 Qa7 27. Nc2 Ra2 28. Ra1 Qa4 (28... b4 $11) 29. Rxa2 Qxa2 30. Qc1 Na5 31. Qa1 $1 Qxa1+ 32. Nxa1 f5 33. exf5 exf5 (33... gxf5 $16 34. b4 cxb4 35. cxb4 Nc4 36. dxc4 Bxa1) 34. Bd5 Kf8 35. Nb3 Nxb3 36. Bxb3 Ke7 37. Kf2 Nd8 38. Bd5 Ne6 39. Be3 Nc7 40. Bb3 Kf6 41. Ba2 Bf8 42. b4 Na6 43. bxc5 dxc5 44. Ke2 Bd6 45. Bd5 h6 46. Bc1 Nc7 47. Ba2 g5 48. Kf3 Na8 49. Bb2 Kg6 50. Ba3 b4 51. Bb2 Nb6 52. cxb4 cxb4 53. Bd4 (53. Be5 $5 Nc8 54. d4 $16) 53... Na4 54. Bb3 Nc3 55. Bxc3 bxc3 56. d4 gxf4 57. gxf4 Ba3 58. Bc2 Kf6 59. d5 Bc5 $11 60. Ke2 1/2-1/2

[Event "FRA-ch Youth U18W 2019"]
[Site "Hyeres"]
[Date "2019.04.15"]
[Round "2.4"]
[White "Belluire, Beatrice"]
[Black "Tourneur, Cloe"]
[Result "1-0"]
[ECO "B01"]
[WhiteElo "1870"]
[BlackElo "1654"]
[Annotator "NA RC"]
[PlyCount "69"]
[EventDate "2019.04.14"]
[EventType "swiss"]
[EventCountry "FRA"]
[SourceTitle "playchess.com"]
[Source "ChessBase"]
[SourceQuality "1"]
[TimeControl "5400+30"]

1. e4 d5 2. exd5 Nf6 3. Bb5+ Bd7 4. Be2 Nxd5 5. d4 Nc6 (5... Bf5 6. Nf3 e6 7. h3 Nb4 8. Na3 Be7 9. c3 Nd5 10. Nc4 O-O {½-½ (10) Delgado Ramirez,N (2602)-Matsuura,E (2492) Brasilia 2018}) 6. c4 {[%emt 0:04:43] B01: Scandinavian Defence} Nf6 7. d5 Ne5 8. Qb3 $146 ({Predecessor:} 8. Nc3 e6 9. Qd4 Ng6 10. Nf3 exd5 11. cxd5 Be7 12. O-O O-O 13. h3 Re8 14. Be3 Bd6 15. Nb5 Bxb5 16. Bxb5 Re4 17. Qd2 Nxd5 {½-½ (17) Jaeschke,J (2144)-Teichert,F (1774) Berlin 2016}) 8... Bc8 (8... e6 $11) 9. Nf3 Ned7 10. O-O g6 11. Be3 Bg7 12. Nc3 O-O 13. h3 b6 14. Nd4 Bb7 15. Rad1 Qc8 16. Bf4 a6 (16... Nc5 $14 17. Qc2 Re8) 17. Rfe1 Re8 18. Bf3 Nc5 (18... Nf8 $16 19. Qa3 N6d7 20. Rxe7 Ne5) 19. Qc2 e6 20. b4 Ncd7 21. dxe6 fxe6 22. Bxb7 Qxb7 23. Nxe6 Qc6 24. Nxg7 (24. Nxc7 $142 Rxe1+ 25. Rxe1) 24... Kxg7 25. Qd3 a5 26. b5 Qb7 $2 (26... Qc5 27. Re3 Ne5) 27. Qd4 Kf7 28. Nd5 Nxd5 29. cxd5 Nf6 30. Be5 Nd7 31. d6 cxd6 32. Bxd6 Rad8 33. Qc4+ Kg7 $18 34. Be7 Rc8 35. Qd4+ 1-0

[Event "FRA-ch Youth U18W 2019"]
[Site "Hyeres"]
[Date "2019.04.15"]
[Round "3.1"]
[White "Rollot, Florence"]
[Black "Spano, Aline"]
[Result "0-1"]
[ECO "A26"]
[WhiteElo "1975"]
[BlackElo "1419"]
[Annotator "NA"]
[PlyCount "108"]
[EventDate "2019.04.14"]
[EventType "swiss"]
[EventCountry "FRA"]
[SourceTitle "playchess.com"]
[Source "ChessBase"]
[SourceQuality "1"]
[TimeControl "5400+30"]

1. Nf3 g6 2. c4 Bg7 3. Nc3 e5 4. g3 Nc6 5. Bg2 d6 6. O-O Nf6 7. d3 O-O 8. Rb1 a5 9. a3 Re8 10. Ne1 Nd4 11. b4 axb4 12. Rxb4 c6 13. e3 Ne6 14. Rb1 $15 h5 15. Nc2 h4 16. e4 Nh5 17. Bf3 hxg3 18. fxg3 Nf6 19. Kh1 Kh7 20. Qe2 Rh8 21. Be3 Kg8 22. Qf2 Nc5 23. Rbd1 Qe7 24. Bg5 Ncd7 25. Be2 Qe6 26. Rb1 Nh5 27. g4 Nhf6 28. Rg1 Nc5 29. Bxf6 Bxf6 30. g5 Bg7 31. Rbf1 Rh3 32. Bg4 Nxd3 33. Qd2 Qxc4 34. Bxh3 Bxh3 35. Rf3 Nf4 36. Ne3 Qc5 37. Ne2 Rxa3 38. Ng3 Bf8 39. Ne2 Be7 40. Rfg3 Be6 41. Rc1 Qb6 42. Nc3 Qb4 43. Ned1 Nh5 44. Rg1 Nf4 45. Rb1 Rb3 46. Rxb3 Bxb3 47. Qe3 d5 48. Ne2 Bc5 49. Qf3 Bxg1 50. Nxf4 exf4 51. Kxg1 Qe1+ 52. Kg2 Bxd1 53. Qxf4 Qxe4+ 54. Qxe4 dxe4 0-1

[Event "FRA-ch Youth U18W 2019"]
[Site "Hyeres"]
[Date "2019.04.15"]
[Round "3.2"]
[White "Boulart, Emilie"]
[Black "Lomandong, Noela-Joyce"]
[Result "0-1"]
[ECO "B07"]
[WhiteElo "1837"]
[BlackElo "1942"]
[Annotator "NA"]
[PlyCount "62"]
[EventDate "2019.04.14"]
[EventType "swiss"]
[EventCountry "FRA"]
[SourceTitle "playchess.com"]
[Source "ChessBase"]
[SourceQuality "1"]
[TimeControl "5400+30"]

1. e4 d6 2. d4 Nf6 3. Nc3 g6 4. Bd3 Bg7 5. Nge2 Nc6 6. f3 e5 7. Be3 a6 8. Qd2 exd4 9. Nxd4 O-O 10. O-O Ne5 11. Nb3 $11 Be6 12. Rad1 Qe7 13. Kh1 Rad8 14. f4 Nxd3 15. cxd3 Bxb3 16. axb3 d5 17. e5 d4 18. exf6 Bxf6 19. Bf2 dxc3 20. bxc3 Rfe8 21. Rfe1 Qd7 22. Rxe8+ Rxe8 23. d4 Qb5 24. Qd3 Qxb3 25. Rb1 Qa2 26. Re1 Rxe1+ 27. Bxe1 Qa1 28. Qd2 a5 29. g3 a4 30. Kg2 a3 31. f5 Qb2 0-1

[Event "FRA-ch Youth U18W 2019"]
[Site "Hyeres"]
[Date "2019.04.15"]
[Round "3.3"]
[White "Landron, Audrey"]
[Black "Belluire, Beatrice"]
[Result "0-1"]
[ECO "A30"]
[WhiteElo "1414"]
[BlackElo "1870"]
[Annotator "NA"]
[PlyCount "88"]
[EventDate "2019.04.14"]
[EventType "swiss"]
[EventCountry "FRA"]
[SourceTitle "playchess.com"]
[Source "ChessBase"]
[SourceQuality "1"]
[TimeControl "5400+30"]

1. c4 c5 2. Nf3 b6 3. g3 Bb7 4. Bg2 g6 5. O-O Bg7 6. d4 cxd4 7. Nxd4 Bxg2 8. Kxg2 Nf6 9. Nc3 O-O 10. Nf3 Qc7 11. Nd5 Nxd5 12. cxd5 d6 13. Rb1 Nd7 14. Bf4 Nf6 15. Re1 Qc4 16. e4 Qxa2 17. Nd4 Qa6 18. Nc6 Qb7 19. Kg1 Rfe8 20. e5 dxe5 21. Bxe5 Qd7 22. Bxf6 Bxf6 23. b4 e6 24. Qf3 Qxd5 25. Qxd5 exd5 26. Rxe8+ Rxe8 27. Nxa7 Bc3 28. Nb5 Re1+ 29. Rxe1 Bxe1 30. Nc7 Bxb4 31. Nxd5 Bc5 32. Kf1 f5 33. f3 Kf7 34. Ke2 Ke6 35. Nc3 Bb4 36. Nb1 Kd5 37. Kd3 g5 38. h3 f4 39. gxf4 gxf4 40. h4 h5 41. Ke2 Kd4 42. Nd2 Bxd2 43. Kxd2 b5 44. Kc2 Ke5 0-1

[Event "FRA-ch Youth U18W 2019"]
[Site "Hyeres"]
[Date "2019.04.15"]
[Round "3.4"]
[White "Bellahcene, Meriem"]
[Black "Conti, Anne-Marie"]
[Result "1-0"]
[ECO "B13"]
[WhiteElo "1883"]
[BlackElo "1809"]
[Annotator "NA"]
[PlyCount "115"]
[EventDate "2019.04.14"]
[EventType "swiss"]
[EventCountry "FRA"]
[SourceTitle "playchess.com"]
[Source "ChessBase"]
[SourceQuality "1"]
[TimeControl "5400+30"]

1. e4 c6 2. d4 d5 3. exd5 cxd5 4. Bd3 g6 5. Bf4 Bg7 6. c3 Nc6 7. h3 f6 $1 8. Nf3 Nh6 $14 (8... e5 $17 9. Qe2 Qe7 10. dxe5 fxe5) 9. O-O Nf7 10. Re1 O-O 11. Bg3 Re8 12. Nbd2 e5 13. dxe5 Ncxe5 14. Bb5 Re7 15. Nd4 a6 16. Bf1 Nd6 17. N2f3 Nf5 18. Nxf5 Bxf5 19. Nxe5 fxe5 20. Bh4 Be6 21. Bxe7 Qxe7 22. Be2 Rd8 23. Bg4 Bf7 24. Qd2 Qf6 25. Bd1 Bf8 26. Qe2 Bd6 27. Qf3 Qe7 28. Bb3 e4 29. Qe3 Qe5 30. g3 Qf5 31. Kg2 Be6 32. Rh1 Rf8 33. Rad1 Kg7 34. Bc2 Bb8 35. c4 Rf7 36. g4 Qf3+ 37. Kg1 dxc4 38. Qd4+ Qf6 39. Qxf6+ Rxf6 40. Bxe4 Ba7 41. Rd2 b5 42. Kg2 Bc5 43. Bf3 Bc8 44. Rhd1 Be7 45. Re2 Kf8 46. Rde1 Rf7 47. Bd5 Rg7 48. f4 Bd7 49. Bb7 a5 50. Rd1 Ke8 51. Kf3 b4 52. Rd4 Bb5 53. Re5 Ba4 54. Rxa5 Bc2 55. Ra8+ Kf7 56. Bd5+ Kf6 57. Rxc4 Bd1+ 58. Ke4 1-0

[Event "FRA-ch Youth U18W 2019"]
[Site "Hyeres"]
[Date "2019.04.16"]
[Round "4.1"]
[White "Lomandong, Noela-Joyce"]
[Black "Belluire, Beatrice"]
[Result "0-1"]
[ECO "A36"]
[WhiteElo "1942"]
[BlackElo "1870"]
[Annotator "NA"]
[PlyCount "72"]
[EventDate "2019.04.14"]
[EventType "swiss"]
[EventCountry "FRA"]
[SourceTitle "playchess.com"]
[Source "ChessBase"]
[SourceQuality "1"]
[TimeControl "5400+30"]

1. c4 c5 2. Nc3 Nc6 3. g3 g6 4. Bg2 Bg7 5. e3 e5 6. Nge2 Nge7 7. O-O O-O 8. a3 a5 9. b3 d6 10. Bb2 Be6 11. Rc1 Rb8 12. Nb5 Qd7 13. d4 cxd4 14. exd4 d5 15. Qd2 dxc4 16. bxc4 exd4 17. Nf4 Rfd8 18. Rfd1 Bg4 19. Re1 Ne5 20. Nxd4 Nf3+ 21. Nxf3 Qxd2 22. Nxd2 Bxb2 23. Rc2 Bxa3 24. c5 Nc6 25. Nd5 Be6 26. Nc7 Nb4 27. Rc3 Bb2 28. Nxe6 fxe6 29. Rce3 Rxd2 30. Rxe6 Bd4 31. Re8+ Rxe8 32. Rxe8+ Kf7 33. Rc8 a4 34. Bxb7 a3 35. c6 a2 36. Ra8 Nxc6 0-1

[Event "FRA-ch Youth U18W 2019"]
[Site "Hyeres"]
[Date "2019.04.16"]
[Round "4.2"]
[White "Spano, Aline"]
[Black "Bellahcene, Meriem"]
[Result "0-1"]
[ECO "B07"]
[WhiteElo "1419"]
[BlackElo "1883"]
[Annotator "NA"]
[PlyCount "132"]
[EventDate "2019.04.14"]
[EventType "swiss"]
[EventCountry "FRA"]
[SourceTitle "playchess.com"]
[Source "ChessBase"]
[SourceQuality "1"]
[TimeControl "5400+30"]

1. e4 d6 2. d4 Nf6 3. Nc3 Nbd7 4. Be3 e5 5. Bc4 Be7 6. h3 a6 7. a4 b6 8. Qf3 O-O 9. Nge2 Bb7 10. O-O c6 11. Ng3 b5 12. axb5 axb5 13. Bd3 b4 14. Nce2 exd4 15. Bxd4 c5 16. Be3 Ne5 17. Qf4 c4 18. Rad1 cxd3 19. cxd3 Ba6 20. Nc1 Ng6 21. Qf3 d5 22. Nf5 dxe4 23. dxe4 Qc7 24. Rfe1 Nd7 25. Nxe7+ Nxe7 26. Bf4 Qb7 27. Nb3 Nc6 28. Qg3 Rfe8 29. Bh6 g6 30. Qd6 Nf8 31. Nc5 Qe7 32. Qxc6 Rec8 33. Bxf8 Qxf8 34. Qb6 Rxc5 35. Qxb4 Rb5 36. Qc3 Rab8 37. Rd2 Qc8 38. Qf6 Qe6 39. Rd8+ Rxd8 40. Qxd8+ Kg7 41. Qd4+ Qe5 42. Qa7 Bb7 43. Re2 Rxb2 44. Rxb2 Qxb2 45. f3 Qb4 46. Kh2 Qd6+ 47. Kg1 Bc6 48. Qa1+ Qf6 49. Qxf6+ Kxf6 50. Kf2 Ke5 51. Ke3 Bb5 52. f4+ Ke6 53. g3 Bf1 54. h4 h5 55. Kd4 Bh3 56. Ke3 Kd6 57. Kd4 Be6 58. e5+ Kc6 59. Ke4 Kc5 60. Ke3 Kc4 61. Ke4 Bf5+ 62. Ke3 Kd5 63. Kf3 Kd4 64. Kf2 Bg4 65. Kg2 Ke3 66. Kg1 Kf3 0-1

[Event "FRA-ch Youth U18W 2019"]
[Site "Hyeres"]
[Date "2019.04.17"]
[Round "5.1"]
[White "Belluire, Beatrice"]
[Black "Bellahcene, Meriem"]
[Result "0-1"]
[ECO "B51"]
[WhiteElo "1870"]
[BlackElo "1883"]
[Annotator "NA RC"]
[PlyCount "114"]
[EventDate "2019.04.14"]
[EventType "swiss"]
[EventCountry "FRA"]
[SourceTitle "playchess.com"]
[Source "ChessBase"]
[SourceQuality "1"]
[TimeControl "5400+30"]

1. e4 c5 2. Nf3 Nc6 3. Bb5 d6 4. O-O Bd7 5. Re1 Nf6 6. c3 a6 7. Bc4 Bg4 8. d4 cxd4 9. cxd4 Bxf3 10. gxf3 Rc8 11. Be3 e6 12. a4 Be7 13. Bf1 O-O 14. Nc3 Qa5 15. Rc1 Qh5 16. Kh1 Na5 17. b3 Nc6 18. Be2 Qa5 19. Rg1 Ne8 20. d5 Ne5 21. Qd2 Ng6 22. dxe6 fxe6 23. Nd5 Qxd2 24. Nxe7+ Nxe7 25. Bxd2 Rxc1 26. Bxc1 e5 27. Rd1 Nc6 28. Bb2 Rf6 29. Bc4+ Kf8 30. Kg2 Ke7 31. Bc3 Nc7 32. Bd5 Ne6 33. Bb2 Nf4+ 34. Kf1 Rg6 35. Bc1 Nh3 36. Be3 Ng1 37. f4 Nf3 38. f5 Rg1+ 39. Ke2 Rxd1 40. Kxd1 Nxh2 41. Bg5+ Kd7 42. Be6+ Kc7 43. f4 Nf3 44. f6 gxf6 45. Bxf6 exf4 46. Bd5 h5 47. Ke2 Nce5 48. b4 h4 49. Kf1 Ng4 50. Be7 h3 51. Be6 Ne3+ 52. Kf2 h2 53. Kxf3 h1=Q+ 54. Kxf4 Qh6+ 55. Bg5 Qxe6 56. Kxe3 Qb3+ 57. Kf4 Qxb4 0-1

[Event "FRA-ch Youth U18W 2019"]
[Site "Hyeres"]
[Date "2019.04.17"]
[Round "5.2"]
[White "Georget, Laureline"]
[Black "Lomandong, Noela-Joyce"]
[Result "1/2-1/2"]
[ECO "A86"]
[WhiteElo "1642"]
[BlackElo "1942"]
[Annotator "NA RC"]
[PlyCount "67"]
[EventDate "2019.04.14"]
[EventType "swiss"]
[EventCountry "FRA"]
[SourceTitle "playchess.com"]
[Source "ChessBase"]
[SourceQuality "1"]
[TimeControl "5400+30"]

1. c4 e5 2. Nc3 d6 3. g3 g6 4. Bg2 Bg7 5. e3 f5 6. Nge2 Nf6 7. O-O O-O 8. d4 Qe8 9. b4 g5 10. dxe5 dxe5 11. Nd5 Nxd5 12. Qxd5+ Kh8 13. Bb2 c6 14. Qd2 Be6 15. c5 Nd7 16. f4 Rd8 17. Qc2 Qh5 18. a4 Kg8 19. Ra3 Nf6 20. fxe5 Ng4 21. h3 Nxe5 22. Nd4 Qg6 23. b5 Nc4 24. Nxe6 Qxe6 25. Bxg7 Nxa3 26. Qc3 Rf7 27. Bd4 Nc4 28. Rc1 Nxe3 29. Qxe3 Qxe3+ 30. Bxe3 f4 31. gxf4 gxf4 32. Bf2 f3 33. Bf1 Rg7+ 34. Kh2 1/2-1/2

[Event "FRA-ch Youth U18W 2019"]
[Site "Hyeres"]
[Date "2019.04.17"]
[Round "5.3"]
[White "Breysse, Astrid"]
[Black "Pucheu, Camille"]
[Result "0-1"]
[ECO "B76"]
[WhiteElo "1628"]
[BlackElo "1695"]
[Annotator "NA"]
[PlyCount "160"]
[EventDate "2019.04.14"]
[EventType "swiss"]
[EventCountry "FRA"]
[SourceTitle "playchess.com"]
[Source "ChessBase"]
[SourceQuality "1"]
[TimeControl "5400+30"]

1. e4 c5 2. Nf3 d6 3. d4 cxd4 4. Nxd4 Nf6 5. Nc3 g6 6. Be3 Bg7 7. f3 O-O 8. Qd2 Nc6 9. O-O-O Bd7 10. g4 Ne5 11. h4 h5 12. gxh5 Nxh5 13. Be2 Rc8 14. Kb1 a6 15. Rdg1 Nc4 16. Bxc4 Rxc4 17. Nde2 Be6 18. Bh6 Qb6 19. Bxg7 Kxg7 20. Qg5 Rc5 21. Qg2 Qc6 22. Nd4 Qd7 23. a3 Rfc8 24. Na4 Rxc2 25. Nxc2 Qxa4 26. Qd2 Qb3 27. Kc1 Nf4 28. Kd1 Nd3 29. Rh2 Nxb2+ 30. Ke1 Nd3+ 31. Kf1 Qb1+ 32. Kg2 Qxc2 33. Qxc2 Rxc2+ 34. Kg3 Rxh2 35. Kxh2 Ne5 36. Kg3 Nc4 37. Rb1 b5 38. Ra1 d5 39. exd5 Bxd5 40. Kf2 e6 41. Ke2 Kh6 42. Kf2 Kh5 43. Kg3 Ne5 44. f4 Nd3 45. Rd1 Nb2 46. Rd4 Nc4 47. Rd3 Kh6 48. Kg4 f5+ 49. Kh3 Kg7 50. Rg3 Kf6 51. Rd3 Kf7 52. Kh2 Kf6 53. Kh3 Kf7 54. Kh2 Kf6 55. Kh3 Be4 56. Rc3 e5 57. Kg3 Ke6 58. a4 Bc6 59. Rc2 Be4 60. Rc3 Bc6 61. Rc2 Be4 62. Rc3 Nb6 63. axb5 axb5 64. Rc5 exf4+ 65. Kxf4 Nd5+ 66. Kg5 f4 67. Rxb5 f3 68. Rb2 Nc3 69. Kf4 Kd5 70. Rd2+ Ke6 71. Ke3 Ke5 72. Kf2 Kf4 73. Rd4 Nd5 74. Rc4 Ne3 75. Rd4 Ng4+ 76. Kf1 Ke3 77. Ra4 Bd3+ 78. Kg1 f2+ 79. Kg2 f1=Q+ 80. Kg3 Qf3# 0-1